 Dungeon Crawl Stone Soup version 0.31-a0-151-ge443d1f16c (webtiles) character file.

Game seed: 17130741950746481636

130 qw the Shooter (level 4, -2/40 HPs)
             Began as a Minotaur Hunter on June 8, 2023.
             Slain by a gnoll
             ... wielding a +0 halberd
              (7 damage)
             ... on level 3 of the Dungeon.
             The game lasted 00:00:44 (1963 turns).

qw the Shooter (Minotaur Hunter)                    Turns: 1963, Time: 00:00:45

Health: -2/40      AC:  4    Str: 15 (16) XL:     4   Next: 89%
Magic:  3/3        EV: 12    Int:  5 (6)  God:
Gold:   100        SH:  0    Dex: 14 (15) Spells: 3/3 levels left

rFire   . . .        Y - +3 shortbow
rCold   . . .        (shield currently unavailable)
rNeg    . . .        c - +0 leather armour
rPois   .            (helmet restricted)
rElec   .            (no cloak)
rCorr   .            (no gloves)
SInv    .            d - +0 pair of boots
Will    .....        (no amulet)
Stlth   +            (no ring)
HPRegen 0.26/turn    (no ring)
MPRegen 0.08/turn

%: no passive effects
@: no status effects
A: horns 2, retaliatory headbutt
a: no special abilities


You were on level 3 of the Dungeon.
You visited 1 branch of the dungeon, and saw 3 of its levels.

You collected 100 gold pieces.


Innate Abilities, Weirdness & Mutations

You have a pair of horns on your head.
You reflexively headbutt those who attack you in melee.


   Skills:
 + Level 3.8 Fighting
 - Level 6.0 Ranged Weapons
 - Level 1.7 Armour
 - Level 2.1 Dodging
 - Level 0.7 Stealth


You had 3 spell levels left.
You didn't know any spells.
Your spell library was empty.

Inventory:

Hand Weapons
 Y - a +3 shortbow (weapon)
Armour
 c - a +0 leather armour (worn)
 d - a +0 pair of boots (worn)
Potions
 b - a potion of ambrosia {unknown}
 g - 2 potions of curing

Dungeon Overview and Level Annotations

Branches:
Dungeon (3/15)

Altars:


Message History

The gnoll is heavily wounded.
A gnoll comes into view. It is wielding a +0 halberd.
1950 ||| Stepping ~*~*~tactically~*~*~ (outnumbered).
You shoot an arrow. The arrow barely misses the gnoll.
The gnoll hits you from afar with a +0 spear.
You shoot an arrow.
The arrow hits the gnoll but does no damage.
The gnoll is heavily wounded.
The gnoll misses you.
You shoot an arrow. The arrow completely misses the gnoll.
The gnoll closely misses you.
You shoot an arrow. The arrow hits the gnoll.
The gnoll is heavily wounded.
The gnoll closely misses you.
You shoot an arrow. The arrow hits the gnoll!
You kill the gnoll!
You feel your strength returning.
You shoot an arrow. The arrow barely misses the gnoll.
You hear a shout!
The gnoll barely misses you.
You shoot an arrow. The arrow completely misses the gnoll.
The gnoll barely misses you. You furiously retaliate!
You headbutt the gnoll! You shoot an arrow.
The arrow completely misses the gnoll.
The gnoll hits you with a +0 club.
You shoot an arrow. The arrow closely misses the gnoll.
The gnoll hits you with a +0 club. The gnoll hits you but does no damage.
You shoot an arrow. The arrow barely misses the gnoll.
The gnoll barely misses you.
The gnoll hits you from afar with a +0 halberd!
You shoot an arrow. The arrow closely misses the gnoll.
The gnoll closely misses you. You furiously retaliate!
You headbutt the gnoll!
You kill the gnoll!
The gnoll hits you from afar with a +0 halberd!
You shoot an arrow. The arrow hits the gnoll.
The gnoll is lightly wounded.
The gnoll misses you.
You shoot an arrow. The arrow hits the gnoll.
The gnoll is moderately wounded.
The gnoll hits you from afar with a +0 halberd! x2
You die...

.# #.# #.# #.# #
######### #.###.
#.g..[g.g #...# #)#
#######...####@#
#.......#......#
#.# #..)###..# #.#
##.## #..#
##.######.####....
#...............###
#...............#
#..#.########[..#
#..#.# #...#


You could see a gnoll.

Vanquished Creatures
  Terence (D:3)
  2 gnolls (D:3)
  An adder (D:2)
  A worm (D:2)
  A dart slug (D:2)
  5 orcs (D:2)
  3 ball pythons (D:1)
  3 endoplasms
  3 giant cockroaches
  6 goblins (D:1)
  5 hobgoblins
  4 jackals (D:2)
  6 kobolds
  2 quokkas
  6 bats
  3 frilled lizards
  13 rats
65 creatures vanquished.

Notes
Turn   | Place    | Note
-------+----------+-------------------------------------------
     0 | D:1      | qw the Minotaur Hunter began the quest for the Orb.
     0 | D:1      | Reached XP level 1. HP: 18/18 MP: 0/0
     0 | D:1      | 0 ||| qw: Version: 0.2-a-120-gdf1a93b
     0 | D:1      | 0 ||| qw: Game counter: 3039
     0 | D:1      | 0 ||| qw: Always use a shield: true
     0 | D:1      | 0 ||| qw: God list: Okawaru
     0 | D:1      | 0 ||| qw: Allow faded altars: false
     0 | D:1      | 0 ||| qw: Do Orc after D:15 true
     0 | D:1      | 0 ||| qw: Do second Lair branch before Depths: true
     0 | D:1      | 0 ||| qw: Lair rune preference: random
     0 | D:1      | 0 ||| qw: Plans: Normal
     0 | D:1      | 0 ||| PLANNING D:1-11
   187 | D:1      | Reached XP level 2. HP: 25/25 MP: 1/1
   230 | D:1      | Reached skill level 5 in Ranged Weapons
   424 | D:1      | Reached skill level 3 in Fighting
   669 | D:1      | Reached XP level 3. HP: 31/31 MP: 2/2
   929 | D:1      | 929 ||| READING scroll labelled XON FISUWUNISU.
   930 | D:1      | 930 ||| READING scroll labelled XAWNOQ ZUJAGE.
   931 | D:1      | 931 ||| READING scroll labelled TYBYIF NUSOTIGH.
   932 | D:1      | 932 ||| READING scroll labelled REAGHU KUMP.
   935 | D:1      | 935 ||| READING 2 scrolls labelled UFEASEGGAY.
   936 | D:1      | 936 ||| READING scroll of enchant weapon.
   936 | D:1      | 936 ||| ENCHANTING +1 shortbow.
   937 | D:1      | 937 ||| READING scroll labelled ZOTAESOSOEKLE.
   938 | D:1      | 938 ||| READING scroll labelled JEDAPT DEELEPO.
   939 | D:1      | 939 ||| DRINKING 3 coppery potions.
   940 | D:1      | 940 ||| DRINKING 2 puce potions.
   941 | D:1      | 941 ||| DROPPING scroll of butterflies.
   942 | D:1      | 942 ||| DROPPING 2 potions of degeneration.
  1071 | D:2      | Found a faded altar of an unknown god.
  1086 | D:2      | 1086 ||| READING scroll of enchant weapon.
  1086 | D:2      | 1086 ||| ENCHANTING +2 shortbow.
  1446 | D:2      | Reached XP level 4. HP: 38/38 MP: 3/3
  1447 | D:2      | Reached skill level 6 in Ranged Weapons
  1861 | D:2      | 1861 ||| UPGRADING to +0 pair of boots.
  1866 | D:2      | 1866 ||| READING scroll labelled MUCACKIOMP.
  1926 | D:3      | Noticed Terence
  1931 | D:3      | Killed Terence
  1932 | D:3      | Reached skill level 1 in Armour
  1950 | D:3      | 1950 ||| Stepping ~*~*~tactically~*~*~ (outnumbered).
  1963 | D:3      | HP: 5/40 [gnoll/+0 halberd (11)]
  1963 | D:3      | Slain by a gnoll

Levels and vault maps discovered:
D:1:      dpeg_arrival_ratfight, layout_loops_corners
D:2:      layout_loops_corners, hellmonk_ecumenical_altar_pennies_from_heaven
D:3:      layout_loops_ring, minivault_5, uniq_terence, uniq_ijyb

Skill      XL: |  1  2  3  4 |
---------------+-------------+-----
Ranged Weapons | 5 6 |  6.0
Fighting       | 3 |  3.8
Armour         | 1 |  1.7
Dodging        | |  2.1
Stealth        | |  0.7

Action                     |  1- 3 |  4- 6 || total
---------------------------+-------+-------++-------
   Fire: Shortbow          |   128 |    47 ||   175
    Use: Scroll            |     9 |     1 ||    10
         Potion            |     2 |       ||     2
 Armour: Leather armour    |     5 |     1 ||     6
  Dodge: Dodged            |    25 |    10 ||    35

Table legend:
 A = Non-vault XP
 B = Vault XP
 C = Vault XP percentage of total XP
 D = Non-vault monster count
 E = Vault monster count
 F = Vault count percentage of total count
                 A         B        C        D         E       F
            +---------+---------+-------+---------+---------+-------
      Total |     145 |      41 |  22.0 |      59 |       6 |   9.2
            +---------+---------+-------+---------+---------+-------
        D:1 |      47 |       5 |   9.6 |      29 |       5 |  14.7
        D:2 |      69 |       0 |   0.0 |      28 |       0 |   0.0
        D:3 |      29 |      36 |  55.4 |       2 |       1 |  33.3
            +---------+---------+-------+---------+---------+-------
